 Dungeon Crawl Stone Soup version 0.29-a0-813-g4a14ea37d6 (webtiles) character file.

Game seed: 6363545727529802160

445 nicolae the Insei (level 6, -9/69 HPs)
             Began as a Demigod Transmuter on July 5, 2022.
             Mangled by Pikel
             ... wielding a +0 whip of freezing
              (10 damage)
             ... on level 4 of the Dungeon.
             The game lasted 00:06:45 (4341 turns).

nicolae the Insei (Demigod Transmuter)              Turns: 4341, Time: 00:06:45

Health: -9/69      AC:  3    Str: 11    XL:     6   Next: 44%
Magic:  14/14      EV: 12    Int: 23    God:
Gold:   158        SH:  0    Dex: 14    Spells: 1/11 levels left

rFire   + . .      SeeInvis .     - Unarmed
rCold   + . .      Faith    .   (no shield)
rNeg    + . .      Spirit   .   a - +0 robe
rPois   +          Reflect  .   (helmet currently unavailable)
rElec   +          Harm     .   e - +0 cloak
rCorr   +          Rampage  .   (no gloves)
Will    .....                   (boots currently unavailable)
Stlth   ..........              (no amulet)
HPRegen 0.21/turn               b - ring of positive energy
MPRegen 0.14/turn               (no ring)

@: mighty, brilliant, berserking (expiring), appendages, resistant, very quick
A: horns 2, talons 2, high MP 1, forlorn, divine attributes
a: End Transformation


You were on level 4 of the Dungeon.
You had temporarily grown beastly horns and talons.
You visited 1 branch of the dungeon, and saw 4 of its levels.

You collected 158 gold pieces.

Inventory:

Missiles
 k - 5 poisoned darts
Armour
 a - a +0 robe (worn)
 e - a +0 cloak (worn)
 h - a +1 hat (melded)
Jewellery
 b - a ring of positive energy (left hand)
Scrolls
 d - a scroll of amnesia {unknown}
 i - a scroll of noise {unknown}
 l - a scroll of fog {unknown}
 m - 3 scrolls of blinking {unknown}
 n - a scroll of magic mapping {unknown}
 o - 2 scrolls of vulnerability {unknown}
 q - a scroll of silence {unknown}
 r - a scroll of fear {unknown}
Potions
 s - a potion of heal wounds {unknown}


   Skills:
 - Level 0.8 Fighting
 - Level 1.7 Dodging
 + Level 4.2 Unarmed Combat
 + Level 3.4 Spellcasting
 + Level 3.6 Transmutations
 + Level 0.5 Ice Magic
 + Level 2.3 Poison Magic


You had one spell level left.
You knew the following spells:

 Your Spells              Type           Power      Damage    Failure   Level
a - Beastly Appendage     Tmut           62%        N/A       2%          1
b - Wereblood             Tmut           31%        N/A       3%          2
c - Spider Form           Tmut/Pois      26%        N/A       10%         3
d - Ice Form              Ice/Tmut       20%        N/A       43%         4

Your spell library contained the following spells:

 Spells                   Type           Power      Damage    Failure   Level
 Magic Dart               Conj           20%        1d4       11%         1
 Call Imp                 Summ           5%         N/A       17%         2
 Mephitic Cloud           Conj/Pois/Air  11%        N/A       24%         3
 Gell's Gravitas          Tloc           5%         N/A       32%         3
 Teleport Other           Tloc           5%         N/A       32%         3
 Dispersal                Tloc           2%         N/A       100%        6


Dungeon Overview and Level Annotations

Branches:
Dungeon (4/15)
 Temple: D:4-7

Annotations:
D:2 1 runed translucent door, Crazy Yiuf
D:4 Pikel


Innate Abilities, Weirdness & Mutations

You have temporarily grown beastly horns and talons.
You have an increased reservoir of magic. (+10% MP)
You shall have no god before yourself.
Your divine heritage dramatically boosts your attributes as you level up.


Message History

You completely miss the lemure. Your headbutt misses the lemure.
Your punch misses the lemure.
The lemure is severely wounded.
The lemure hits you!
* * * LOW HITPOINT WARNING * * *
You barely miss the lemure.
The lemure is severely wounded.
You barely miss the lemure. Your kick misses the lemure.
The lemure is severely wounded.
The lemure barely misses you.
You punch the lemure!
You kill the lemure!
That felt strangely unrewarding.
The lemure hits you but does no damage.
You barely miss the lemure. You claw the lemure!
The lemure is moderately wounded.
Pikel says, "Hell isn't that bad."
The lemure hits you.
* * * LOW HITPOINT WARNING * * *
You punch the lemure! Your headbutt misses the lemure.
The lemure is heavily wounded.
You hit the lemure. Your kick misses the lemure.
The lemure is almost dead.
The lemure hits you!
* * * LOW HITPOINT WARNING * * *
You barely miss the lemure. You headbutt the lemure.
You kill the lemure!
That felt strangely unrewarding.
The centaur wields a +0 shortbow.
The centaur shoots an arrow.
The arrow hits you!
* * * LOW HITPOINT WARNING * * *
Your primal bloodlust has ended.
You hit the centaur. You claw the centaur!
The centaur is severely wounded.
The centaur unwields a +0 shortbow.
The centaur barely misses you. The centaur kicks you.
* * * LOW HITPOINT WARNING * * *
You punch the centaur!
You kill the centaur!
Pikel hits you with a +0 whip of freezing!
You die...

# ############ ...
...........########.....
................@K5.....
###########.######g.....
#..# ..... ##.## .###
#..# # ##.## #..# ##.#
#.# #†# #.#


You could see Pikel, a lemure and a hobgoblin.

Vanquished Creatures
  Sigmund (D:4)
  A centaur (D:4)
  A phantom (D:4)
  3 lemures (D:4)
  A howler monkey (D:4)
  A hound (D:4)
  An adder (D:3)
  An ufetubus (D:3)
  2 dart slugs
  5 orcs
  5 endoplasms
  3 giant cockroaches
  2 goblins (D:3)
  2 hobgoblins (D:3)
  A jackal (D:3)
  4 kobolds
  5 quokkas
  4 ball pythons
  2 bats (D:3)
  3 frilled lizards
  4 rats
52 creatures vanquished.

Notes
Turn   | Place    | Note
-------+----------+-------------------------------------------
     0 | D:1      | nicolae the Demigod Transmuter began the quest for the Orb.
     0 | D:1      | Reached XP level 1. HP: 15/15 MP: 5/5
   647 | D:2      | You fall into a shaft and drop 1 floor!
   669 | D:2      | Reached XP level 2. HP: 19/22 MP: 5/7
   956 | D:2      | Reached skill level 3 in Unarmed Combat
  1136 | D:2      | Learned a level 2 spell: Wereblood
  1638 | D:2      | Found a runed translucent door.
  1639 | D:2      | Noticed Crazy Yiuf
  2276 | D:3      | Reached XP level 3. HP: 27/27 MP: 7/9
  2900 | D:3      | Learned a level 3 spell: Spider Form
  3289 | D:4      | Noticed Sigmund
  3313 | D:4      | Killed Sigmund
  3314 | D:4      | Reached skill level 1 in Poison Magic
  3314 | D:4      | Reached XP level 4. HP: 4/34 MP: 9/11
  3314 | D:4      | Reached XP level 5. HP: 4/39 MP: 9/12
  3962 | D:4      | Reached skill level 4 in Unarmed Combat
  3962 | D:4      | Reached XP level 6. HP: 25/46 MP: 14/14
  4310 | D:4      | Learned a level 4 spell: Ice Form
  4320 | D:4      | Noticed Pikel
  4337 | D:4      | HP: 2/69 [centaur/arrow (7)]
  4341 | D:4      | Mangled by Pikel

Illustrated notes

Levels and vault maps discovered:
D:1:      lightli_arrival_lavapool, layout_basic
D:2:      layout_loops_ring, serial_aquarium, aquarium_bridge_square
          [aquarium_subvault_window, aquarium_subvault_balcony,
          aquarium_subvault_wall, aquarium_subvault_bridge],
          aquarium_bridge_square [aquarium_subvault_window,
          aquarium_subvault_bridge, aquarium_subvault_wall,
          aquarium_subvault_bridge], aquarium_window_corner,
          aquarium_window_fake, aquarium_view_2e, aquarium_view_2e,
          kennysheep_path_1, uniq_crazy_yiuf_cottage
D:3:      minmay_chambers_of_twos, layout_basic,
          shapermc_ecumenical_altar_mp_vishouse, serial_co_window_serial,
          co_window_corner_a, co_window_cross_1, co_window_of_opportunity_a,
          co_window_corner_a, co_window_corner_a, co_window_2corner,
          co_window_2corner, co_window_of_opportunity_c, co_window_paths_c,
          co_window_unsneaky_path_a, corexii_hall_statues_l
D:4:      layout_basic, lemuel_coloured_pillars_altar, uniq_pikel, uniq_sigmund

Skill      XL: |  1  2  3  4  5 |
---------------+----------------+-----
Transmutations | 2 3 |  3.6
Spellcasting   | 2 3 |  3.4
Unarmed Combat | 3 4 |  4.2
Poison Magic   | 1 2 |  2.3
Fighting       | |  0.8
Dodging        | |  1.7
Ice Magic      | |  0.5

Action                   |  1- 3 |  4- 6 || total
-------------------------+-------+-------++-------
Melee: Unarmed           |   127 |    63 ||   190
       Kick              |    20 |    15 ||    35
       Headbutt          |    11 |    11 ||    22
       Punch             |     2 |     1 ||     3
 Cast: Beastly Appendage |    24 |     5 ||    29
       Wereblood         |     1 |     1 ||     2
  Use: Potion            |     3 |     5 ||     8
 Stab: Sleeping          |     4 |       ||     4
Armor: Robe              |    35 |    12 ||    47
       Skin              |     6 |     3 ||     9
Dodge: Dodged            |    80 |    24 ||   104

Table legend: (Time is in decaauts)
 A = Elapsed time spent in this place.
 B = Non-inter-level travel time spent in this place.
 C = Inter-level travel time spent in this place.
 D = Time resting spent in this place.
 E = Time spent auto-exploring this place.
 F = Levels seen in this place.
 G = Mean time per level.
                   A        B        C        D        E       F      G
               +--------+--------+--------+--------+--------+-----+--------+
         Total |   4323 |   4187 |    136 |   1022 |   2668 |   4 | 1080.8 |
       Dungeon |   4323 |   4187 |    136 |   1022 |   2668 |   4 | 1080.8 |
               +--------+--------+--------+--------+--------+-----+--------+

Top non-repeatable levels by time:
     D:3: 1451 daAuts
     D:2: 1223 daAuts
     D:4: 1075 daAuts
     D:1: 572 daAuts
